 Seeded DCSS version 0.27.1-35-g4d5d836560 (webtiles) character file.

Game seed: 12340987 (custom seed)

112 xaos the Covert (level 4, -4/41 HPs)
             Began as a Gnoll Delver on May 24, 2022.
             Splashed by a jelly's acid (9 damage)
             ... on level 4 of the Dungeon on May 26, 2022.
             The game lasted 00:04:39 (915 turns).

xaos the Covert (Gnoll Delver)                       Turns: 915, Time: 00:04:41

Health: -4/41      AC: -2    Str: 11    XL:     4   Next: 95%
Magic:  5/5        EV: 12    Int:  9    God:
Gold:   32         SH:  0    Dex: 15    Spells: 2/5 levels left

rFire    . . .     SeeInvis .   b - +2 dagger (vamp)
rCold    . . .     Faith    .   (no shield)
rNeg     . . .     Spirit   .   k - +0 ring mail
rPois    .         Reflect  .   (no helmet)
rElec    .         Harm     .   (no cloak)
rCorr    .         Rampage  .   (no gloves)
Will     .....                  (no boots)
Stlth    ++++......             (no amulet)
HPRegen  0.13/turn              (no ring)
MPRegen  0.09/turn              (no ring)

@: corroded
A: fangs 1, strong nose, distributed training
a: no special abilities


You were on level 4 of the Dungeon.
You visited 1 branch of the dungeon, and saw 2 of its levels.

You collected 32 gold pieces.

Inventory:

Hand Weapons
 a - a +0 falchion
 b - a +2 vampiric dagger (weapon)
Armour
 i - a +0 leather armour
 k - a +0 ring mail (worn)
Wands
 g - a wand of digging (3)
Scrolls
 c - a scroll of fog
 d - a scroll of magic mapping
 e - a scroll of fear
 j - 2 scrolls of identify {unknown}
Potions
 f - 3 potions of haste
 l - a potion of curing {unknown}


   Skills:
 + Level 6.6 Fighting
 + Level 1.2 Short Blades
 + Level 4.7 Long Blades
 + Level 1.2 Axes
 + Level 1.2 Maces & Flails
 + Level 1.2 Polearms
 + Level 1.2 Staves
 + Level 1.2 Slings
 + Level 1.2 Bows
 + Level 1.2 Crossbows
 + Level 1.2 Throwing
 + Level 1.2 Armour
 + Level 4.7 Dodging
 + Level 9.6 Stealth
 + Level 1.2 Shields
 + Level 1.2 Unarmed Combat
 + Level 1.2 Spellcasting
 + Level 1.0 Conjurations
 + Level 1.0 Hexes
 + Level 1.0 Summonings
 + Level 1.0 Necromancy
 + Level 1.0 Translocations
 + Level 1.0 Transmutations
 + Level 1.0 Fire Magic
 + Level 1.0 Ice Magic
 + Level 1.0 Air Magic
 + Level 1.0 Earth Magic
 + Level 1.0 Poison Magic
 + Level 1.4 Invocations
 + Level 1.2 Evocations


You had 2 spell levels left.
You knew the following spells:

 Your Spells              Type           Power      Damage    Failure   Level
a - Call Canine Familiar  Summ           2%         N/A       86%         3

Your spell library contained the following spells:

 Spells                   Type           Power      Damage    Failure   Level
 Portal Projectile        Hex/Tloc       4%         N/A       86%         3
 Leda's Liquefaction      Hex/Erth       1%         N/A       99%         4


Dungeon Overview and Level Annotations

Branches:
Dungeon (5/15)
 Temple: D:4-7

Altars:


Innate Abilities, Weirdness & Mutations

You have very sharp teeth.
Your uncanny sense of smell can sniff out nearby items.
Your experience applies equally to all skills.


Message History

You continue taking off your +0 leather armour. x4
You finish taking off your +0 leather armour.
You start putting on your armour.
You continue putting on your +0 ring mail. x5
You finish putting on your +0 ring mail.
You see here 13 gold pieces.
You see here 13 gold pieces.
You now have 32 gold pieces (gained 13).
Found a scroll of magic mapping.
Things that are here:
a +0 hand axe; an orc corpse You see here a scroll of magic mapping.
Why would you want to do that? Why would you want to do that?
Unknown command.
The jelly hits you but does no damage.
You see here a scroll of magic mapping.
You hit the jelly.
Your hands burn!
The jelly is moderately wounded.
The jelly hits you but does no damage.
You barely miss the jelly.
The jelly is moderately wounded.
The jelly barely misses you.
You hit the jelly.
You feel better.
Your hands burn!
You bite the jelly, but do no damage.
The jelly is heavily wounded.
The jelly closely misses you.
You barely miss the jelly.
The jelly is heavily wounded.
The jelly hits you.
* * * LOW HITPOINT WARNING * * *
The acid corrodes you!
You are splashed with acid.
* * * LOW HITPOINT WARNING * * *
You hit the jelly.
You feel better.
Your hands burn!
* * * LOW HITPOINT WARNING * * *
The jelly is heavily wounded.
The jelly hits you.
* * * LOW HITPOINT WARNING * * *
The acid corrodes you!
You are splashed with acid!
You die...

#.######
#...))###.....# # #.#
#.###).###...)# # #.#
#.#.).[.##....### #.#
#.#.#.#.......... #.#
#...#.#.....##.## #.#
#.###.###...##.## #.#
#.#.....#........ #.#
##.#######..###...
#.#
#@J≈≈≈≈≈≈≈..#.....
#.#
#..#######.....>..
#.#
#..#.....#.#...?..
#.#
***#..###.###,#!.###.
#.#
*,,....,#.#,,,*,,,,,,
#.#
*,#####.#.#,***,*****
#.# *,*****..,,,* *,*
#.# *,,,,,,.#**** *,*
#.# *******.# *,*


You could see a jelly.

Vanquished Creatures
  A hound (D:4)
  2 bullfrog skeletons
  An adder (D:4)
  A dart slug (D:4)
  4 orcs (D:4)
  A giant cockroach (D:4)
  2 goblins (D:4)
  3 kobolds (D:4)
  A ball python (D:4)
16 creatures vanquished.

Notes
Turn   | Place    | Note
-------+----------+-------------------------------------------
     0 | D:5      | Reached skill level 9 in Stealth
     0 | D:5      | xaos the Gnoll Delver began the quest for the Orb.
     0 | D:5      | Reached XP level 1. HP: 23/23 MP: 1/1
    36 | D:5      | Reached XP level 2. HP: 15/29 MP: 2/2
    36 | D:5      | Reached XP level 3. HP: 19/35 MP: 3/3
   247 | D:4      | Reached skill level 1 in Short Blades
   247 | D:4      | Reached skill level 1 in Axes
   247 | D:4      | Reached skill level 1 in Maces & Flails
   247 | D:4      | Reached skill level 1 in Polearms
   247 | D:4      | Reached skill level 1 in Staves
   247 | D:4      | Reached skill level 1 in Slings
   247 | D:4      | Reached skill level 1 in Bows
   247 | D:4      | Reached skill level 1 in Crossbows
   247 | D:4      | Reached skill level 1 in Throwing
   247 | D:4      | Reached skill level 1 in Armour
   247 | D:4      | Reached skill level 1 in Shields
   247 | D:4      | Reached skill level 1 in Unarmed Combat
   247 | D:4      | Reached skill level 1 in Spellcasting
   247 | D:4      | Reached skill level 1 in Invocations
   247 | D:4      | Reached skill level 1 in Evocations
   247 | D:4      | Reached XP level 4. HP: 37/41 MP: 3/5
   706 | D:4      | Reached skill level 1 in Conjurations
   706 | D:4      | Reached skill level 1 in Hexes
   706 | D:4      | Reached skill level 1 in Summonings
   706 | D:4      | Reached skill level 1 in Necromancy
   706 | D:4      | Reached skill level 1 in Translocations
   706 | D:4      | Reached skill level 1 in Transmutations
   706 | D:4      | Reached skill level 1 in Fire Magic
   706 | D:4      | Reached skill level 1 in Ice Magic
   706 | D:4      | Reached skill level 1 in Air Magic
   706 | D:4      | Reached skill level 1 in Earth Magic
   706 | D:4      | Reached skill level 1 in Poison Magic
   711 | D:4      | Learned a level 3 spell: Call Canine Familiar
   915 | D:4      | Splashed by a jelly's acid

Illustrated notes

Levels and vault maps discovered:
D:4:      layout_loops_ring, minmay_misc_feat_diagonals, grunt_decor_cap
D:5:      layout_loops_ring, ebering_ghost_disaster_area

Skill      XL: |  1  2  3  4 |
---------------+-------------+-----
Stealth        | |  9.6
Short Blades   | 1 |  1.2
Axes           | 1 |  1.2
Maces & Flails | 1 |  1.2
Polearms       | 1 |  1.2
Staves         | 1 |  1.2
Slings         | 1 |  1.2
Bows           | 1 |  1.2
Crossbows      | 1 |  1.2
Throwing       | 1 |  1.2
Armour         | 1 |  1.2
Shields        | 1 |  1.2
Unarmed Combat | 1 |  1.2
Spellcasting   | 1 |  1.2
Invocations    | 1 |  1.4
Evocations     | 1 |  1.2
Conjurations   | 1 |  1.0
Hexes          | 1 |  1.0
Summonings     | 1 |  1.0
Necromancy     | 1 |  1.0
Translocations | 1 |  1.0
Transmutations | 1 |  1.0
Fire Magic     | 1 |  1.0
Ice Magic      | 1 |  1.0
Air Magic      | 1 |  1.0
Earth Magic    | 1 |  1.0
Poison Magic   | 1 |  1.0
Fighting       | |  6.6
Long Blades    | |  4.7
Dodging        | |  4.7

Action                   |  1- 3 |  4- 6 || total
-------------------------+-------+-------++-------
Melee: Falchion          |    12 |       ||    12
       Dagger            |    10 |    46 ||    56
       Bite              |     2 |     3 ||     5
  Use: Scroll            |       |     1 ||     1
 Stab: Distracted        |     1 |       ||     1
       Sleeping          |       |     3 ||     3
Armor: Leather armour    |     2 |     8 ||    10
       Ring mail         |       |     2 ||     2
Dodge: Dodged            |    16 |    35 ||    51
       Rpst.: Falchion   |     2 |       ||     2
